 Dungeon Crawl Stone Soup version 0.30-a0-1160-g6e42c06551 (webtiles) character file.

Game seed: 7721024190696269428

119 Esekla the Sneak (level 5, -1/54 HPs)
             Began as an Octopode Delver on Apr 26, 2023.
             Was an Initiate of Gozag.
             Succumbed to a scorpion's poison
             ... on level 5 of the Dungeon.
             The game lasted 00:04:12 (684 turns).

Esekla the Sneak (Octopode Delver)                   Turns: 684, Time: 00:04:13

Health: -1/54      AC: 22    Str: 11    XL:     5   Next: 3%
Magic:  6/6        EV:  2    Int: 14    God:    Gozag
Gold:   30         SH:  0    Dex: 14    Spells: 6/6 levels left

rFire   . . .        a - +0 falchion
rCold   . . .        (no shield)
rNeg    . . .        (helmet currently unavailable)
rPois   +            (no amulet)
rElec   .            (no ring)
rCorr   .            (no ring)
SInv    .            (no ring)
Will    .....        (no ring)
Stlth   ++++         (no ring)
HPRegen 0.29/turn    (no ring)
MPRegen 0.10/turn    (no ring)
                     (no ring)

%: no passive effects
@: lethally poisoned (-1 -> -7), tree-form, invisible
A: stationary, stasis, torment immunity, boosted hp, almost no armour,
(amphibious), 8 rings, (camouflage 1), (gelatinous body 1), (nimble swimmer 1),
(tentacles)
a: Renounce Religion, Potion Petition, Call Merchant, Bribe Branch


You were on level 5 of the Dungeon.
You worshipped Gozag.
Gozag was noncommittal.
You were a tree.
You visited 2 branches of the dungeon, and saw 3 of its levels.

You collected 46 gold pieces.
You paid 16 gold pieces to Gozag.

Inventory:

Hand Weapons
 a - a +0 falchion (weapon)
Missiles
 i - 3 throwing nets (quivered)
Wands
 f - a wand of digging (3)
Scrolls
 b - a scroll of fog
 g - a scroll of noise {unknown}
 h - 2 scrolls of identify {unknown}
Potions
 e - 2 potions of haste


   Skills:
 * Level 3.6 Fighting
 * Level 2.6 Long Blades
 * Level 2.5 Dodging
 + Level 7.8 Stealth
 * Level 1.2 Spellcasting


You had 6 spell levels left.
You didn't know any spells.
Your spell library was empty.

Dungeon Overview and Level Annotations

Branches:
Dungeon (5/15)             Temple (1/1) D:5

Altars:
Ashenzari
Cheibriados
Fedhas
Gozag
Hepliaklqana
Kikubaaqudgha
Makhleb
Qazlal
Trog
Uskayaw
Wu Jian
Xom
Zin
The Shining One


Innate Abilities, Weirdness & Mutations

You are a tree.
Your roots penetrate the ground, keeping you stationary.
You cannot be teleported.
You are immune to unholy pain and torment.
Your maximum health is greatly increased.
You cannot wear most types of armour.
((You are amphibious.))
You can wear up to eight rings at the same time.
((Your skin changes colour to match your surroundings (Stealth+).))
((Your rubbery body absorbs attacks. (AC +1, EV +1)))
((You are camouflaged when in or above water. (Stealth+)))
((You have tentacles for arms and can constrict up to eight enemies at once.))


Message History

The scorpion completely misses you.
You hit the scorpion.
You squeeze the scorpion, but do no damage.
The scorpion is moderately wounded.
You constrict the scorpion, but do no damage.
You feel sick. The scorpion stings you.
You hit the scorpion but do no damage.
You squeeze the scorpion, but do no damage.
The scorpion is moderately wounded.
You constrict the scorpion.
You feel sick. The scorpion barely misses you. The scorpion stings you!
You hit the scorpion but do no damage.
The scorpion is heavily wounded.
You constrict the scorpion, but do no damage.
You feel sick. The scorpion stings you.
* * * LOW HITPOINT WARNING * * *
You are lethally poisoned!
The scorpion poisons you!
You hit the scorpion but do no damage. You squeeze the scorpion.
The scorpion is heavily wounded.
You constrict the scorpion.
* * * LOW HITPOINT WARNING * * *
You feel very sick. The scorpion misses you.
It was a potion of invisibility.
You fade into invisibility!
You constrict the scorpion.
* * * LOW HITPOINT WARNING * * *
You feel very sick. The scorpion barely misses you.
It was a potion of lignification.
You turn into a tree.
Your roots penetrate the ground.
You lose your grip on the scorpion.
* * * LOW HITPOINT WARNING * * *
You feel sick.
The scorpion stings you but does no damage.
The scorpion completely misses you.
You hit the scorpion.
The scorpion is severely wounded.
You die...
Your body crumbles into a pile of gold.

#.....#.#
*........
##...##.#
**#.#J..# #.#.##.#
#....#* #.#.##.#
####.# #.#.##.#
#.# #......##
##'## #.......#
##...# #.#.###>#
##..... #♣#...#.#
##......
#s#.....###.......
#.........+.J.....
####...####......#
#..## ##....#.
#.## ##....# #.#
##..#. #.# #)..#
#.# #....


You could see a scorpion (unable to see you).

Vanquished Creatures
  2 hounds (D:5)
  A sleepcap (D:5)
  2 gnolls (D:5)
  A white imp (D:5)
  An ufetubus (D:5)
  A quokka (D:5)
8 creatures vanquished.

Notes
Turn   | Place    | Note
-------+----------+-------------------------------------------
     0 | D:5      | Esekla the Octopode Delver began the quest for the Orb.
     0 | D:5      | Reached XP level 1. HP: 16/16 MP: 1/1
    20 | D:5      | Noticed a scorpion
    24 | D:5      | Found a broken altar of Ashenzari.
    32 | D:5      | Noticed a hound
    44 | D:5      | Noticed a gnoll bouda
    50 | D:5      | Killed a hound
    51 | D:5      | Reached skill level 7 in Stealth
    51 | D:5      | Reached XP level 2. HP: 7/21 MP: 2/2
    51 | D:5      | Reached XP level 3. HP: 9/26 MP: 3/3
    62 | D:5      | Found a staircase to the Ecumenical Temple.
    72 | Temple   | Entered the Ecumenical Temple
   248 | D:5      | Noticed a scorpion
   434 | D:5      | Reached XP level 4. HP: 22/31 MP: 5/5
   449 | Temple   | Became a worshipper of Gozag Ym Sagoz the Greedy
   491 | D:5      | Reached skill level 1 in Spellcasting
   575 | D:5      | Reached XP level 5. HP: 16/36 MP: 6/6
   683 | D:5      | HP: 1/54 [poisoned by a scorpion]
   684 | D:5      | Succumbed to a scorpion's poison

Illustrated notes

Levels and vault maps discovered:
D:4:      layout_basic, mainiacjoe_overflow_alcove_4, serial_shops,
          nicolae_shop_real_fake_doors, nicolae_stop_n_shop_2
D:5:      layout_loops_corners, mainiacjoe_overflow_alcove_2, ashenzari_altar_1,
          minmay_temple_entry_grid
Temple:   nicolae_temple_ecumenical_triangle

Skill      XL: |  1  2  3  4 |
---------------+-------------+-----
Stealth        | 7 |  7.8
Spellcasting   | 1 |  1.2
Fighting       | |  3.6
Long Blades    | |  2.6
Dodging        | |  2.5

Action                     |  1- 3 |  4- 6 || total
---------------------------+-------+-------++-------
  Melee: Falchion          |    20 |    15 ||    35
         Tentacles         |     7 |     7 ||    14
         Constrict         |     6 |     4 ||    10
    Use: Scroll            |     2 |       ||     2
         Potion            |       |     2 ||     2
   Stab: Sleeping          |       |     1 ||     1
 Armour: Skin              |     2 |     1 ||     3
  Dodge: Dodged            |    17 |    10 ||    27

Table legend: (Time is in decaauts)
 A = Elapsed time spent in this place.
 B = Non-inter-level travel time spent in this place.
 C = Inter-level travel time spent in this place.
 D = Time resting spent in this place.
 E = Time spent auto-exploring this place.
 F = Levels seen in this place.
 G = Mean time per level.
                   A        B        C        D        E       F      G
               +--------+--------+--------+--------+--------+-----+--------+
         Total |    693 |    685 |      8 |    360 |      0 |   3 |  231.0 |
       Dungeon |    401 |    400 |      1 |     90 |      0 |   2 |  200.5 |
        Temple |    292 |    285 |      7 |    270 |      0 |   1 |  292.0 |
               +--------+--------+--------+--------+--------+-----+--------+

Top non-repeatable levels by time:
     D:5: 399 daAuts
  Temple: 292 daAuts
     D:4: 1 daAuts
